 Dungeon Crawl Stone Soup version 0.27.1-34-g3ba077fa99 (webtiles) character file.

Game seed: 1058783070164755504

1831 cbfl8 the Blocker (level 8, -5/70 HPs)
             Began as a Minotaur Fighter on Jan 20, 2022.
             Slain by Pikel (20 damage)
             ... in the Ecumenical Temple.
             The game lasted 00:21:53 (6930 turns).

cbfl8 the Blocker (Minotaur Fighter)                Turns: 6930, Time: 00:21:54

Health: -5/70      AC: 11    Str: 21    XL:     8   Next: 86%
Magic:  7/7        EV:  9    Int:  7    God:
Gold:   153        SH: 11    Dex: 10    Spells: 7/7 levels left

rFire    . . .     SeeInvis .   r - +6 short sword (venom)
rCold    . . .     Faith    .   c - +0 kite shield
rNeg     . . .     Spirit   .   b - +0 scale mail
rPois    .         Reflect  .   (helmet restricted)
rElec    .         Harm     .   (no cloak)
rCorr    .         Rampage  .   (no gloves)
Will     .....                  q - +2 pair of boots {Fly}
Stlth    ..........             (no amulet)
HPRegen  0.21/turn              (no ring)
MPRegen  0.10/turn              (no ring)

@: unable to read, flying, studying Shields
A: horns 2, retaliatory headbutt, inability to read while threatened
a: no special abilities


You were in the Ecumenical Temple.
You visited 2 branches of the dungeon, and saw 7 of its levels.

You collected 237 gold pieces.
You spent 84 gold pieces at shops.

Inventory:

Hand Weapons
 a - a +0 war axe
 g - a +1 dagger of electrocution
 m - a +0 short sword of draining
 r - a +6 short sword of venom (weapon)
Missiles
 p - 26 bolts
 s - a throwing net (quivered)
Armour
 b - a +0 scale mail (worn)
 c - a +0 kite shield (worn)
 q - a +2 pair of boots of flying (worn)
Wands
 o - a wand of iceblast (8)
 t - a wand of flame (10)
Scrolls
 e - 3 scrolls of teleportation
 f - 2 scrolls of identify
 i - 3 scrolls of amnesia
 j - a scroll of fear {unknown}
 k - a scroll of silence {unknown}
 w - a scroll of enchant armour {unknown}
Potions
 d - 2 potions of might
 h - 2 potions of degeneration
 l - a potion of attraction {unknown}
 n - a potion of lignification
 u - 2 potions of magic
 v - a potion of haste


   Skills:
 + Level 5.7 Fighting
 + Level 5.8 Short Blades
 + Level 3.2 Axes
 + Level 8.3 Armour
 + Level 3.5 Dodging
 + Level 0.9 Stealth
 + Level 8.6 Shields


You had 7 spell levels left.
You didn't know any spells.
Your spell library contained the following spells:

 Spells                   Type           Power      Damage    Failure   Level
 Call Canine Familiar     Summ           0%         N/A       100%        3
 Portal Projectile        Hex/Tloc       0%         N/A       100%        3
 Leda's Liquefaction      Hex/Erth       0%         N/A       100%        4


Dungeon Overview and Level Annotations

Branches:
Dungeon (6/15)             Temple (1/1) D:6

Altars:
Fedhas
Ru
Trog
Vehumet

Shops:
D:1 *   D:4 :   D:5 **

Annotations:
D:4 2 transporters, cbfl8's ghost, amateur MiWn
Temple Pikel


Innate Abilities, Weirdness & Mutations

You have a pair of horns on your head.
You reflexively headbutt those who attack you in melee.
You sometimes lose the ability to read scrolls when taking damage.


Message History

Pikel hits you with a +0 whip of electrocution!
You are electrocuted!
You feel threatened and lose the ability to read scrolls!
You block the lemure's attack.
You fly downwards.
Welcome to the Ecumenical Temple!
Found a blossoming altar of Fedhas.
There is a staircase back to the Dungeon here.
You barely miss the lemure. You block Pikel's attack.
You block the lemure's attack.
Unknown command.
You hit the lemure.
The lemure is poisoned.
Your headbutt misses the lemure.
The lemure is lightly wounded.
Pikel hits you with a +0 whip of electrocution.
You are electrocuted!!
The lemure hits you.
Unknown command.
You closely miss the lemure. Your headbutt misses the lemure.
The lemure is lightly wounded.
You block Pikel's attack. You block the lemure's attack.
Unknown command.
You hit the lemure.
The lemure looks as sick as possible!
You headbutt the lemure!
The lemure is severely wounded.
Pikel barely misses you.
Unknown command.
You puncture the lemure!
You kill the lemure!
That felt strangely unrewarding.
Unknown command.
Pikel barely misses you.
You closely miss Pikel. You headbutt Pikel.
Pikel is lightly wounded.
Pikel hits you with a +0 whip of electrocution!
* * * LOW HITPOINT WARNING * * *
Unknown command.
You hit Pikel but do no damage.
Pikel is poisoned.
Your headbutt misses Pikel.
Pikel is lightly wounded.
Pikel hits you with a +0 whip of electrocution!
* * * LOW HITPOINT WARNING * * *
You are electrocuted!!
You die...

#####
#..K#
#.<@#
#...#
##.##
...
#...
#._.#
#...#
#####


You could see Pikel (very poisoned).

Vanquished Creatures
  Prince Ribbit (D:5)
  Grinder (D:5)
  A wyvern (D:5)
  A water moccasin (D:6)
  Duvessa (D:5)
  An ogre (D:5)
  A necrophage (D:5)
  A phantom (D:5)
  A lemure (Temple)
  Blork the orc (D:5)
  Dowan (D:5)
  A water moccasin zombie (D:5)
  A water moccasin skeleton (D:5)
  A howler monkey (D:4)
  2 hounds
  Jessica (D:3)
  A bullfrog skeleton (D:5)
  Ijyb (D:5)
  Terence (D:2)
  2 gnoll shamans
  An orc wizard (D:4)
  A hound skeleton (D:5)
  9 adders
  13 gnolls
  A howler monkey skeleton (D:5)
  An ufetubus (D:5)
  4 worms
  3 orcs (D:4)
  4 ball pythons
  5 bats
  8 endoplasms
  4 giant cockroaches
  8 goblins
  8 hobgoblins
  11 jackals
  4 quokkas
  A frilled lizard (D:3)
  11 kobolds
  7 rats
126 creatures vanquished.

Vanquished Creatures (others)
  3 fungi (D:4)
3 creatures vanquished.

Grand Total: 129 creatures vanquished

Notes
Turn   | Place    | Note
-------+----------+-------------------------------------------
     0 | D:1      | cbfl8 the Minotaur Fighter began the quest for the Orb.
     0 | D:1      | Reached XP level 1. HP: 19/19 MP: 0/0
   396 | D:1      | Reached XP level 2. HP: 27/27 MP: 1/1
   526 | D:1      | Found Agidawk's General Store.
  1201 | D:2      | Reached XP level 3. HP: 24/33 MP: 2/2
  1655 | D:2      | Found a faded altar of an unknown god.
  1826 | D:2      | Reached XP level 4. HP: 40/40 MP: 3/3
  1841 | D:2      | Reached skill level 1 in Short Blades
  1913 | D:2      | Noticed Terence
  1928 | D:2      | Killed Terence
  2485 | D:3      | Noticed Jessica
  2491 | D:3      | Killed Jessica
  2492 | D:3      | Reached XP level 5. HP: 34/47 MP: 4/4
  2851 | D:3      | Reached skill level 1 in Dodging
  2985 | D:3      | Reached skill level 5 in Armour
  3004 | D:3      | Found a bloodstained altar of Trog.
  3012 | D:3      | Reached skill level 5 in Shields
  3172 | D:4      | Found a sacrificial altar of Ru.
  3192 | D:4      | Found a transporter.
  3221 | D:4      | Found a radiant altar of Vehumet.
  3436 | D:4      | Reached XP level 6. HP: 53/53 MP: 5/5
  3465 | D:4      | Noticed cbfl8's ghost (amateur MiWn)
  3484 | D:4      | Found a transporter.
  3511 | D:4      | Gained mutation: You sometimes lose the ability to read
                  | scrolls when taking damage. [potion of mutation]
  4154 | D:4      | Found Kuej's Book Shop.
  4526 | D:5      | Entered Level 5 of the Dungeon
  4526 | D:5      | Found Zyatud's Assorted Antiques.
  4539 | D:5      | Bought a scroll labelled COAV OFRAISY for 18 gold pieces
  4570 | D:5      | Found Peyny's General Store.
  4580 | D:5      | Bought a scroll of teleportation for 33 gold pieces
  4580 | D:5      | Bought a scroll of teleportation for 33 gold pieces
  4587 | D:5      | Noticed Blork the orc
  4592 | D:5      | Reached XP level 7. HP: 51/60 MP: 6/6
  4595 | D:5      | Killed Blork the orc
  5081 | D:5      | Noticed Prince Ribbit
  5098 | D:5      | Killed Prince Ribbit
  5099 | D:5      | Reached skill level 5 in Fighting
  5898 | D:5      | Noticed a wyvern
  5908 | D:5      | Killed a wyvern
  5909 | D:5      | Reached XP level 8. HP: 45/68 MP: 7/7
  6058 | D:5      | Noticed Grinder
  6058 | D:5      | Noticed Ijyb
  6076 | D:5      | Killed Ijyb
  6084 | D:5      | Paralysed by Grinder for 3 turns
  6097 | D:5      | Killed Grinder
  6098 | D:5      | Reached skill level 5 in Short Blades
  6146 | D:5      | Noticed Duvessa
  6156 | D:5      | Killed Duvessa
  6166 | D:5      | Noticed Dowan
  6170 | D:5      | Killed Dowan
  6900 | D:6      | Noticed Pikel
  6913 | D:6      | Found a staircase to the Ecumenical Temple.
  6922 | Temple   | Entered the Ecumenical Temple
  6930 | Temple   | Slain by Pikel

Illustrated notes

Levels and vault maps discovered:
D:1:      amcnicky_arrival_double_pillar, layout_basic, serial_shops,
          shop_statue, hangedman_decor_clover_reticule
D:2:      minmay_chambers_of_twos, layout_loops_corners,
          hellmonk_ecumenical_altar_slurped_away, uniq_terence
D:3:      layout_loops_ring, mainiacjoe_overflow_paths, minmay_pentangle,
          uniq_jessica
D:4:      layout_basic, mainiacjoe_overflow_boulevard, fiery_altar_vehumet,
          serial_shops, shop, gammafunk_ghost_mausoleum, solitary_fountain
D:5:      layout_gridville, serial_shops, nicolae_shop_stone,
          nicolae_stop_n_shop_1, serial_co_window_serial,
          co_window_of_opportunity_a, co_window_paths_a,
          co_window_of_opportunity_a, co_window_paths_a, co_window_paths_a,
          co_window_corner_ca, co_window_2corner, co_window_corner_ca,
          co_window_paths_c, co_window_4corner_a, co_window_sun,
          glass_columns_a, glass_columns_a, glass_columns_a, glass_columns_b,
          glass_columns_c, minmay_manual_mess, uniq_grinder, uniq_duvessa,
          uniq_prince_ribbit1, uniq_ijyb, uniq_blork_the_orc
D:6:      old_forge, layout_layer_cave, minmay_temple_entry_drinking_statues,
          serial_glass, glass_columns_a, glass_columns_a, glass_columns_b,
          glass_columns_a, glass_columns_a, glass_columns_b,
          ebering_ghost_sewer_f, chequers_serial_rivers_micro_e, uniq_pikel
Temple:   eino_wide_crystal_templ

Skill      XL: |  1  2  3  4  5  6  7  8 |
---------------+-------------------------+-----
Fighting       | 4 5 |  5.7
Armour         | 4 5 6 7 8 |  8.3
Shields        | 4 5 6 8 |  8.6
Axes           | 3 |  3.2
Short Blades   | 1 2 3 4 5 |  5.8
Dodging        | 1 2 3 |  3.5
Stealth        | |  0.9

Action                   |  1- 3 |  4- 6 |  7- 9 || total
-------------------------+-------+-------+-------++-------
Melee: War axe           |    22 |       |       ||    22
       Dagger            |    54 |    82 |       ||   136
       Headbutt          |     7 |    10 |    24 ||    41
       Short sword       |       |    53 |   130 ||   183
  Use: Scroll            |       |     8 |     1 ||     9
       Potion            |       |     8 |       ||     8
Armor: Scale mail        |    29 |    54 |    69 ||   152
       Skin              |       |     6 |       ||     6
Dodge: Dodged            |    22 |    44 |    45 ||   111
Block: Kite shield       |    32 |    87 |    79 ||   198
